Falcons vs Admirals NSH

Created - Sunday, February 15, 2015 at 23:51

Goals
1 2 3 T
Falcons 2 0 2 4
Admirals NSH 0 0 2 2
Shots
1 2 3 T
Falcons 16 4 6 26
Admirals NSH 4 10 8 22

1st period

1. Falcons , Kevin Connauton 18 (Austin Watson, Troy Grosenick) at 4:28 (PP)
2. Falcons , Mitch Callahan 8 (Kevin Connauton, Philip Varone) at 8:25

Penalties :
Frazer McLaren (MIL) for Holding (Minor) at 4:00, Joonas Jarvinen (SPR) for Interference (Minor) at 10:56, Chris Thorburn (SPR) for Roughing (Minor) at 14:56

2nd period

No Goal

Penalties :
No Penalty

3rd period

3. Falcons , Kevin Connauton 19 (Jordan Weal, Mitch Callahan) at 1:19
4. Admirals NSH , Fredrik Claesson 3 (Mike Blunden) at 3:28 (SH)
5. Falcons , Matt Ellis 17 (Kevin Connauton, Adam Pardy) at 7:33
6. Admirals NSH , Frazer McLaren 16 (Corey Tropp, Mike Blunden) at 16:34 (PP)

Penalties :
Frazer McLaren (MIL) for Diving (Minor) at 3:17, Joonas Jarvinen (SPR) for Hooking (Minor) at 12:37, Troy Grosenick (SPR) for Slashing (Minor) at 14:35 - Brian Dumoulin served the penalty

Goalie Stats

Troy Grosenick (SPR), 20 saves from 22 shots - (0.909), W, 33-24-6, 60:00 minutes
Johan Gustafsson (MIL), 22 saves from 26 shots - (0.846), L, 19-43-5, 60:00 minutes

Players Stats for Falcons

Player Name              G  A  P  +/- PIM S  H  SB GA TA FO     MP     PP MP  PK MP  
------------------------------------------------------------------------------------
Adam Pardy               0  1  1   2  0   1  2  0  5  7  0/0    21:53   1:27   2:33 
Austin Watson            0  1  1  -1  0   1  2  0  7  0  0/0    22:01   1:32   5:03 
Brian Connelly           0  0  0   0  0   1  0  1  0  0  0/0     5:06   0:00   0:00 
Brian Dumoulin           0  0  0   0  0   1  1  1  0  1  0/0    18:09   1:00   2:10 
Carl Klingberg           0  0  0   1  0   1  3  0  1  0  2/2    18:00   0:00   2:31 
Chad Ruhwedel            0  0  0   0  0   0  0  1  0  0  0/0    13:31   0:00   1:13 
Chris Thorburn           0  0  0  -1  2   1  2  0  1  0  0/0    22:43   1:32   1:55 
Jeff Hoggan              0  0  0   2  0   2  2  2  0  1  0/1    21:53   0:55   0:00 
Jeff Taffe               0  0  0   0  0   0  2  0  0  1  9/19   24:06   1:32   4:14 
Joonas Jarvinen          0  0  0   0  4   0  0  2  0  0  0/0    13:51   0:00   1:18 
Jordan Weal              0  1  1   1  0   3  1  0  3  2  9/14   23:23   0:55   1:28 
Kevin Connauton          2  2  4   2  0   7  1  1  3  3  0/0    23:14   1:27   4:33 
Krys Barch               0  0  0   0  0   0  1  0  0  0  0/0     5:00   0:00   0:00 
Matt Ellis               1  0  1   1  0   3  1  0  1  0  1/5    10:21   0:00   0:00 
Mitch Callahan           1  1  2   2  0   4  2  0  2  0  0/0    16:11   0:55   0:00 
Nick Shore               0  0  0   0  0   0  0  0  0  0  0/0     0:00   0:00   0:00 
Philip Varone            0  1  1   1  0   0  0  0  0  0  1/1     7:41   0:00   0:36 
Radek Martinek           0  0  0   0  0   1  0  0  3  2  0/0    24:53   1:00   4:05 

Players Stats for Admirals NSH

Player Name              G  A  P  +/- PIM S  H  SB GA TA FO     MP     PP MP  PK MP  
------------------------------------------------------------------------------------
Alexey Marchenko         0  0  0  -2  0   1  1  5  2  0  0/0    25:37   3:57   1:21 
Brody Sutter             0  0  0  -2  0   0  1  0  1  1  7/11   23:20   3:02   0:44 
Cameron Schilling        0  0  0   0  0   0  0  0  1  1  0/0    13:35   0:00   0:00 
Corey Tropp              0  1  1  -1  0   1  4  1  3  2  0/2    22:26   3:43   0:00 
Farm Player70            0  0  0  -1  0   0  2  0  0  0  2/4    17:24   3:35   0:25 
Frazer McLaren           1  0  1  -1  4   8  5  0  6  1  0/0    20:43   4:06   0:00 
Frederic St. Denis       0  0  0   0  0   2  0  1  0  0  0/0     4:36   0:00   0:00 
Fredrik Claesson         1  0  1   0  0   2  2  1  2  4  0/0    26:16   3:58   1:06 
Jamie Tardif             0  0  0   0  0   1  2  0  0  0  2/6    24:17   3:25   1:52 
Jyrki Jokipakka          0  0  0   0  0   0  1  2  0  3  0/0    29:16   3:58   1:06 
Kyle Medvec              0  0  0   0  0   0  0  0  0  0  0/0     0:00   0:00   0:00 
Lane MacDermid           0  0  0   0  0   1  0  0  0  0  0/0     1:48   0:00   0:00 
Marcel Noebels           0  0  0  -1  0   1  0  1  3  1  0/0    13:33   0:00   0:00 
Matt Fraser              0  0  0  -1  0   2  0  0  8  1  1/2    17:44   1:42   0:07 
Mike Blunden             0  2  2   0  0   0  1  0  1  0  8/16   24:09   3:49   1:46 
Patrick Mullen           0  0  0  -2  0   3  1  0  0  0  0/0    24:06   3:57   1:21 
Wade Megan               0  0  0   0  0   0  0  0  1  0  0/0     1:13   0:00   0:00 
Zach Hamill              0  0  0   0  0   0  0  1  2  0  0/1     7:23   0:23   0:00 

3 Stars

1 - Kevin Connauton (SPR)
2 - Mitch Callahan (SPR)
3 - Matt Ellis (SPR)

Power Play

Falcons - 1 on 2 Attempt(s) - 50.00%
Admirals NSH - 1 on 4 Attempt(s) - 25.00%

Penalty Kill

Falcons - 3 on 4 Attempt(s) - 75.00% - Score 0 goal in Penalty Kill
Admirals NSH - 1 on 2 Attempt(s) - 50.00% - Score 1 goal in Penalty Kill

Team Stat

Falcons - Hits : 20 - Faceoff Wins : 22 - Blocked Shots : 8 - Penalty Minutes : 6
Admirals NSH - Hits : 20 - Faceoff Wins : 20 - Blocked Shots : 12 - Penalty Minutes : 4

Official

Referees : Unknown
Linesman : Unknown

Game Notes

Matt Fraser is injured at 10:59 of 3rd period (Bruised Right Arm)

Finance

Level 1 -- Attendance: 1609 (80.45%) -- Ticket Income $56,315
Level 2 -- Attendance: 774 (77.40%) -- Ticket Income $11,610
Total Attendance: 2383 (79.43%)
Total Ticket Income: $67,925
Other Income: $33,283
Total Income: $101,208

Falcons

5 vs 5 Forward 
   Center                   Left Wing                Right Wing               Time % Phy DF OF 
 1 Jeff Taffe               Chris Thorburn           Austin Watson            35     1   2  2  
 2 Jordan Weal              Jeff Hoggan              Mitch Callahan           30     1   2  2  
 3 Jordan Weal              Jeff Hoggan              Carl Klingberg           22     1   2  2  
 4 Matt Ellis               Chris Thorburn           Jeff Taffe               13     1   2  2  

5 vs 5 Defense 
   Defense                  Defense                                           Time % Phy DF OF 
 1 Adam Pardy               Kevin Connauton                                   35     1   2  2  
 2 Brian Dumoulin           Radek Martinek                                    30     1   2  2  
 3 Joonas Jarvinen          Chad Ruhwedel                                     22     1   2  2  
 4 Brian Connelly           Radek Martinek                                    13     1   2  2  

PowerPlay Forward 
   Center                   Left Wing                Right Wing               Time % Phy DF OF 
 1 Jeff Taffe               Chris Thorburn           Austin Watson            60     1   2  2  
 2 Jordan Weal              Jeff Hoggan              Mitch Callahan           40     1   2  2  

PowerPlay Defense
   Defense                  Defense                                           Time % Phy DF OF 
 1 Adam Pardy               Kevin Connauton                                   60     1   2  2  
 2 Brian Dumoulin           Radek Martinek                                    40     1   2  2  

Penalty Kill 4 Players Forward 
   Center                   Wing                     Time % Phy DF OF 
 1 Jeff Taffe               Austin Watson            60     1   2  2  
 2 Chris Thorburn           Jordan Weal              40     1   2  2  

Penalty Kill 4 Players Defense
   Defense                  Defense                  Time % Phy DF OF 
 1 Kevin Connauton          Joonas Jarvinen          60     1   2  2  
 2 Brian Dumoulin           Radek Martinek           40     1   2  2  

Penalty Kill - 3 Players Forward 
   Forward                                           Time % Phy DF OF 
 1 Jeff Taffe                                        60     1   2  2  
 2 Austin Watson                                     40     1   2  2  

Penalty Kill - 3 Players Defense
   Defense                  Defense                  Time % Phy DF OF 
 1 Adam Pardy               Chad Ruhwedel            60     1   2  2  
 2 Brian Dumoulin           Radek Martinek           40     1   2  2  

4 vs 4 Forward 
   Center                   Wing                     Time % Phy DF OF 
 1 Jeff Taffe               Austin Watson            60     1   2  2  
 2 Chris Thorburn           Jeff Hoggan              40     1   2  2  

4 vs 4 Defense
   Defense                  Defense                  Time % Phy DF OF 
 1 Joonas Jarvinen          Adam Pardy               60     1   2  2  
 2 Brian Dumoulin           Radek Martinek           40     1   2  2  

Last Minutes Offensive
   Center                   Left Wing                Right Wing               Defense                  Defense                  
   Jeff Taffe               Chris Thorburn           Austin Watson            Adam Pardy               Kevin Connauton          

Last Minutes Defensive
   Center                   Left Wing                Right Wing               Defense                  Defense                  
   Jeff Taffe               Chris Thorburn           Austin Watson            Adam Pardy               Kevin Connauton          

Goaltenders
Starting : Troy Grosenick           
Backup : Matt Climie              

Extra Forwards
Normal : Jordan Weal, Jeff Hoggan, Carl Klingberg - PP : Jordan Weal, Jeff Hoggan - PK : Carl Klingberg
Extra Defensemen
Normal : Joonas Jarvinen, Radek Martinek, Brian Dumoulin - PP : Joonas Jarvinen - PK : Radek Martinek, Brian Dumoulin
Penalty Shots
Jeff Taffe, Austin Watson, Chris Thorburn, Carl Klingberg, Jordan Weal

Admirals NSH

5 vs 5 Forward 
   Center                   Left Wing                Right Wing               Time % Phy DF OF 
 1 Jamie Tardif             Mike Blunden             Corey Tropp              28     1   2  2  
 2 Brody Sutter             Frazer McLaren           Matt Fraser              28     1   2  2  
 3 Mike Blunden             Corey Tropp              Jamie Tardif             22     1   2  2  
 4 Mike Blunden             Marcel Noebels           Brody Sutter             22     1   2  2  

5 vs 5 Defense 
   Defense                  Defense                                           Time % Phy DF OF 
 1 Fredrik Claesson         Jyrki Jokipakka                                   30     1   2  2  
 2 Patrick Mullen           Alexey Marchenko                                  28     1   2  2  
 3 Jyrki Jokipakka          Cameron Schilling                                 21     1   2  2  
 4 Fredrik Claesson         Jyrki Jokipakka                                   21     1   2  2  

PowerPlay Forward 
   Center                   Left Wing                Right Wing               Time % Phy DF OF 
 1 Mike Blunden             Frazer McLaren           Corey Tropp              60     1   2  2  
 2 Brody Sutter             Jamie Tardif             Matt Fraser              40     1   2  2  

PowerPlay Defense
   Defense                  Defense                                           Time % Phy DF OF 
 1 Fredrik Claesson         Jyrki Jokipakka                                   60     1   2  2  
 2 Patrick Mullen           Alexey Marchenko                                  40     1   2  2  

Penalty Kill 4 Players Forward 
   Center                   Wing                     Time % Phy DF OF 
 1 Mike Blunden             Jamie Tardif             60     1   2  2  
 2 Matt Fraser              Brody Sutter             40     1   2  2  

Penalty Kill 4 Players Defense
   Defense                  Defense                  Time % Phy DF OF 
 1 Fredrik Claesson         Jyrki Jokipakka          60     1   2  2  
 2 Patrick Mullen           Alexey Marchenko         40     1   2  2  

Penalty Kill - 3 Players Forward 
   Forward                                           Time % Phy DF OF 
 1 Brody Sutter                                      60     1   2  2  
 2 Mike Blunden                                      40     1   2  2  

Penalty Kill - 3 Players Defense
   Defense                  Defense                  Time % Phy DF OF 
 1 Fredrik Claesson         Jyrki Jokipakka          60     1   2  2  
 2 Patrick Mullen           Alexey Marchenko         40     1   2  2  

4 vs 4 Forward 
   Center                   Wing                     Time % Phy DF OF 
 1 Jamie Tardif             Mike Blunden             60     1   2  2  
 2 Matt Fraser              Brody Sutter             40     1   2  2  

4 vs 4 Defense
   Defense                  Defense                  Time % Phy DF OF 
 1 Fredrik Claesson         Jyrki Jokipakka          60     1   2  2  
 2 Patrick Mullen           Alexey Marchenko         40     1   2  2  

Last Minutes Offensive
   Center                   Left Wing                Right Wing               Defense                  Defense                  
   Brody Sutter             Mike Blunden             Corey Tropp              Fredrik Claesson         Jyrki Jokipakka          

Last Minutes Defensive
   Center                   Left Wing                Right Wing               Defense                  Defense                  
   Brody Sutter             Mike Blunden             Corey Tropp              Fredrik Claesson         Jyrki Jokipakka          

Goaltenders
Starting : Johan Gustafsson         
Backup : Jeremy Smith             

Extra Forwards
Normal : Jamie Tardif, Brody Sutter, Mike Blunden - PP : Jamie Tardif, Brody Sutter - PK : Brody Sutter
Extra Defensemen
Normal : Jyrki Jokipakka, Cameron Schilling, Patrick Mullen - PP : Fredrik Claesson - PK : Cameron Schilling, Patrick Mullen
Penalty Shots
Matt Fraser, Jamie Tardif, Frazer McLaren, Brody Sutter, Mike Blunden

% Time on Ice - Falcons

Lines # - Real PCT - Wanted PCT - Time Play
Normal Forward
1 - 32% - 35% - 15:43
2 - 30% - 30% - 15:01
3 - 19% - 22% - 9:26
4 - 19% - 13% - 9:28
Normal Defense
1 - 35% - 35% - 17:31
2 - 30% - 30% - 14:43
3 - 25% - 22% - 12:18
4 - 10% - 13% - 5:06
PP Forward
1 - 63% - 60% - 1:32
2 - 37% - 40% - 0:55
PP Defense
1 - 59% - 60% - 1:27
2 - 41% - 40% - 1:00
PK Forward
1 - 81% - 60% - 6:26
2 - 19% - 40% - 1:28
PK Defense
1 - 80% - 60% - 6:19
2 - 20% - 40% - 1:35
PK3 Forward
1 - 100% - 60% - 0:01
2 - 0% - 40% - 0:00
PK3 Defense
1 - 100% - 60% - 0:01
2 - 0% - 40% - 0:00
44 Forward
1 - 0% - 60%
2 - 0% - 40%
44 Defense
1 - 0% - 60%
2 - 0% - 40%
Last Minute Offensive  - 0:00
Last Minute Defensive  - 0:00
Total
Forward - 60:00
Defense - 60:00

% Time on Ice - Admirals NSH

Lines # - Real PCT - Wanted PCT - Time Play
Normal Forward
1 - 24% - 28% - 11:53
2 - 34% - 28% - 16:55
3 - 17% - 22% - 8:39
4 - 25% - 22% - 12:11
Normal Defense
1 - 26% - 30% - 12:56
2 - 34% - 28% - 16:59
3 - 23% - 21% - 11:26
4 - 17% - 21% - 8:17
PP Forward
1 - 57% - 60% - 4:30
2 - 43% - 40% - 3:25
PP Defense
1 - 50% - 60% - 3:58
2 - 50% - 40% - 3:57
PK Forward
1 - 95% - 60% - 2:20
2 - 5% - 40% - 0:07
PK Defense
1 - 45% - 60% - 1:06
2 - 55% - 40% - 1:21
PK3 Forward
1 - 0% - 60%
2 - 0% - 40%
PK3 Defense
1 - 0% - 60%
2 - 0% - 40%
44 Forward
1 - 0% - 60%
2 - 0% - 40%
44 Defense
1 - 0% - 60%
2 - 0% - 40%
Last Minute Offensive  - 0:00
Last Minute Defensive  - 0:00
Total
Forward - 60:00
Defense - 60:00

Play by Play

1st period


0:01 of 1st period - Jeff Taffe wins face-off versus Jamie Tardif in neutral zone.
1:06 of 1st period - Snap shot by Jordan Weal.
1:06 of 1st period - Deflect By Corey Tropp.
1:06 of 1st period - Shot Misses the Net.
1:06 of 1st period - Puck is out of play.
1:07 of 1st period - Brody Sutter wins face-off versus Jordan Weal in Admirals NSH zone.
1:31 of 1st period - Snap shot by Jeff Hoggan.
1:31 of 1st period - Deflect By Carl Klingberg.
1:31 of 1st period - Stopped by Johan Gustafsson without a rebound.
1:32 of 1st period - Mike Blunden wins face-off versus Matt Ellis in Admirals NSH zone.
2:16 of 1st period - Snap shot by Jordan Weal.
2:16 of 1st period - Stopped by Johan Gustafsson with a rebound.
2:18 of 1st period - Wrist shot by Jeff Hoggan.
2:18 of 1st period - Shot Misses the Net.
2:20 of 1st period - Slapshot by Joonas Jarvinen.
2:20 of 1st period - Shot Blocked by Alexey Marchenko.
2:22 of 1st period - Wrist shot by Jordan Weal.
2:22 of 1st period - Shot Misses the Net.
2:24 of 1st period - Slapshot by Brian Connelly.
2:24 of 1st period - Shot Blocked by Alexey Marchenko.
2:26 of 1st period - Snap shot by Brian Connelly.
2:26 of 1st period - Stopped by Johan Gustafsson with a rebound.
2:28 of 1st period - Snap shot by Jeff Hoggan.
2:28 of 1st period - Stopped by Johan Gustafsson without a rebound.
2:29 of 1st period - Jeff Taffe wins face-off versus Mike Blunden in Admirals NSH zone.
3:09 of 1st period - Snap shot by Jordan Weal.
3:09 of 1st period - Shot Blocked by Jyrki Jokipakka.
3:11 of 1st period - Wrist shot by Jeff Hoggan.
3:11 of 1st period - Deflect By Jordan Weal.
3:11 of 1st period - Stopped by Johan Gustafsson with a rebound.
3:13 of 1st period - Slapshot by Radek Martinek.
3:13 of 1st period - Shot Blocked by Corey Tropp.
3:23 of 1st period - Radek Martinek is hit by Corey Tropp and loses puck.
4:00 of 1st period - Minor Penalty to Frazer McLaren for Holding.
4:01 of 1st period - Jeff Taffe wins face-off versus Farm Player70 in Admirals NSH zone.
4:28 of 1st period - Slapshot by Kevin Connauton.
4:28 of 1st period - Goal by Kevin Connauton - Falcons : 1 - Admirals NSH : 0.
4:29 of 1st period - Brody Sutter wins face-off versus Jordan Weal in neutral zone.
4:34 of 1st period - Wrist shot by Frazer McLaren.
4:34 of 1st period - Stopped by Troy Grosenick without a rebound.
4:35 of 1st period - Jordan Weal wins face-off versus Brody Sutter in Falcons zone.
4:42 of 1st period - Patrick Mullen is hit by Mitch Callahan and loses puck.
4:53 of 1st period - Jeff Hoggan is hit by Frazer McLaren and loses puck.
5:45 of 1st period - Jyrki Jokipakka is hit by Carl Klingberg and loses puck.
6:47 of 1st period - Slapshot by Kevin Connauton.
6:47 of 1st period - Stopped by Johan Gustafsson with a rebound.
6:57 of 1st period - Snap shot by Corey Tropp.
6:57 of 1st period - Shot Misses the Net.
7:15 of 1st period - Jeff Hoggan is hit by Frazer McLaren and loses puck.
7:24 of 1st period - Slapshot by Chad Ruhwedel.
7:24 of 1st period - Deflect By Jordan Weal.
7:24 of 1st period - Shot Misses the Net.
7:24 of 1st period - Puck is out of play.
7:25 of 1st period - Jordan Weal wins face-off versus Mike Blunden in Admirals NSH zone.
8:19 of 1st period - Off-side.
8:20 of 1st period - Philip Varone wins face-off versus Jamie Tardif in neutral zone.
8:23 of 1st period - Slapshot by Kevin Connauton.
8:23 of 1st period - Shot Misses the Net.
8:25 of 1st period - Snap shot by Mitch Callahan.
8:25 of 1st period - Goal by Mitch Callahan - Falcons : 2 - Admirals NSH : 0.
8:26 of 1st period - Jeff Taffe wins face-off versus Matt Fraser in neutral zone.
8:43 of 1st period - Slapshot by Alexey Marchenko.
8:43 of 1st period - Stopped by Troy Grosenick with a rebound.
9:15 of 1st period - Corey Tropp is hit by Jeff Hoggan.
9:35 of 1st period - Snap shot by Matt Fraser.
9:35 of 1st period - Shot Misses the Net.
10:02 of 1st period - Wrist shot by Chris Thorburn.
10:02 of 1st period - Stopped by Johan Gustafsson with a rebound.
10:04 of 1st period - Slapshot by Jeff Taffe.
10:04 of 1st period - Shot Misses the Net.
10:06 of 1st period - Slapshot by Radek Martinek.
10:06 of 1st period - Shot Blocked by Marcel Noebels.
10:22 of 1st period - Slapshot by Radek Martinek.
10:22 of 1st period - Stopped by Johan Gustafsson with a rebound.
10:24 of 1st period - Slapshot by Brian Dumoulin.
10:24 of 1st period - Stopped by Johan Gustafsson with a rebound.
10:56 of 1st period - Minor Penalty to Joonas Jarvinen for Interference.
10:57 of 1st period - Mike Blunden wins face-off versus Jeff Taffe in Falcons zone.
11:02 of 1st period - Wrist shot by Corey Tropp.
11:02 of 1st period - Shot Misses the Net.
11:04 of 1st period - Wrist shot by Corey Tropp.
11:04 of 1st period - Shot Blocked by Kevin Connauton.
11:30 of 1st period - Patrick Mullen is hit by Kevin Connauton and loses puck.
11:57 of 1st period - Austin Watson is hit by Frazer McLaren and loses puck.
12:56 of 1st period - Penalty to Joonas Jarvinen is over, Joonas Jarvinen is back on ice.
12:57 of 1st period - Snap shot by Frazer McLaren.
12:57 of 1st period - Shot Misses the Net.
13:23 of 1st period - Snap shot by Jordan Weal.
13:23 of 1st period - Stopped by Johan Gustafsson without a rebound.
13:24 of 1st period - Jordan Weal wins face-off versus Mike Blunden in Admirals NSH zone.
13:31 of 1st period - Mitch Callahan is hit by Jyrki Jokipakka and loses puck.
14:14 of 1st period - Jordan Weal is hit by Jamie Tardif and loses puck.
14:19 of 1st period - Snap shot by Corey Tropp.
14:19 of 1st period - Deflect By Frazer McLaren.
14:19 of 1st period - Stopped by Troy Grosenick with a rebound.
14:21 of 1st period - Slapshot by Fredrik Claesson.
14:21 of 1st period - Shot Blocked by Chad Ruhwedel.
14:23 of 1st period - Wrist shot by Corey Tropp.
14:23 of 1st period - Shot Blocked by Jeff Hoggan.
14:25 of 1st period - Slapshot by Fredrik Claesson.
14:25 of 1st period - Stopped by Troy Grosenick without a rebound.
14:26 of 1st period - Jamie Tardif wins face-off versus Matt Ellis in Falcons zone.
14:37 of 1st period - Chris Thorburn is hit by Brody Sutter and loses puck.
14:56 of 1st period - Minor Penalty to Chris Thorburn for Roughing.
14:57 of 1st period - Mike Blunden wins face-off versus Jeff Taffe in Falcons zone.
15:01 of 1st period - Slapshot by Jyrki Jokipakka.
15:01 of 1st period - Shot Blocked by Joonas Jarvinen.
15:03 of 1st period - Slapshot by Fredrik Claesson.
15:03 of 1st period - Shot Misses the Net.
15:05 of 1st period - Snap shot by Corey Tropp.
15:05 of 1st period - Shot Misses the Net.
16:26 of 1st period - Snap shot by Carl Klingberg.
16:26 of 1st period - Shot Blocked by Alexey Marchenko.
16:38 of 1st period - Wrist shot by Jeff Taffe.
16:38 of 1st period - Shot Misses the Net.
16:56 of 1st period - Penalty to Chris Thorburn is over, Chris Thorburn is back on ice.
17:10 of 1st period - Brody Sutter is hit by Adam Pardy and loses puck.
17:45 of 1st period - Snap shot by Matt Ellis.
17:45 of 1st period - Stopped by Johan Gustafsson with a rebound.
18:17 of 1st period - Fredrik Claesson is hit by Adam Pardy.
18:39 of 1st period - Snap shot by Mitch Callahan.
18:39 of 1st period - Stopped by Johan Gustafsson without a rebound.
18:40 of 1st period - Jordan Weal wins face-off versus Corey Tropp in Admirals NSH zone.
19:35 of 1st period - Slapshot by Kevin Connauton.
19:35 of 1st period - Stopped by Johan Gustafsson with a rebound.
19:37 of 1st period - Snap shot by Mitch Callahan.
19:37 of 1st period - Stopped by Johan Gustafsson with a rebound.
19:39 of 1st period - Slapshot by Jeff Hoggan.
19:39 of 1st period - Shot Misses the Net.
Goals for this period are 2 for Falcons vs 0 for Admirals NSH.
Shots for this period are 16 for Falcons vs 4 for Admirals NSH.

2nd period


0:01 of 2nd period - Jeff Taffe wins face-off versus Mike Blunden in neutral zone.
0:04 of 2nd period - Backhand shot by Adam Pardy.
0:04 of 2nd period - Shot Blocked by Fredrik Claesson.
0:06 of 2nd period - Wrist shot by Kevin Connauton.
0:06 of 2nd period - Stopped by Johan Gustafsson with a rebound.
0:18 of 2nd period - Slapshot by Austin Watson.
0:18 of 2nd period - Shot Blocked by Jyrki Jokipakka.
0:20 of 2nd period - Slapshot by Chris Thorburn.
0:20 of 2nd period - Shot Misses the Net.
0:22 of 2nd period - Wrist shot by Adam Pardy.
0:22 of 2nd period - Deflect By Jeff Taffe.
0:22 of 2nd period - Shot Misses the Net.
0:22 of 2nd period - Puck is out of play.
0:23 of 2nd period - Brody Sutter wins face-off versus Jordan Weal in Admirals NSH zone.
0:51 of 2nd period - Backhand shot by Frazer McLaren.
0:51 of 2nd period - Stopped by Troy Grosenick without a rebound.
0:52 of 2nd period - Jeff Taffe wins face-off versus Corey Tropp in Falcons zone.
0:57 of 2nd period - Corey Tropp is hit by Austin Watson and loses puck.
2:02 of 2nd period - Frazer McLaren is hit by Jeff Hoggan and loses puck.
3:15 of 2nd period - Wrist shot by Frazer McLaren.
3:15 of 2nd period - Shot Blocked by Jeff Hoggan.
3:32 of 2nd period - Fredrik Claesson is hit by Chris Thorburn and loses puck.
4:11 of 2nd period - Wrist shot by Jeff Hoggan.
4:11 of 2nd period - Stopped by Johan Gustafsson without a rebound.
4:12 of 2nd period - Farm Player70 wins face-off versus Jeff Hoggan in Admirals NSH zone.
4:24 of 2nd period - Wrist shot by Frazer McLaren.
4:24 of 2nd period - Stopped by Troy Grosenick without a rebound.
4:25 of 2nd period - Matt Fraser wins face-off versus Matt Ellis in Falcons zone.
4:26 of 2nd period - Snap shot by Frazer McLaren.
4:26 of 2nd period - Shot Misses the Net.
4:28 of 2nd period - Slapshot by Cameron Schilling.
4:28 of 2nd period - Shot Misses the Net.
5:08 of 2nd period - Adam Pardy is hit by Alexey Marchenko and loses puck.
5:15 of 2nd period - Jordan Weal is hit by Farm Player70 and loses puck.
5:45 of 2nd period - Wrist shot by Jamie Tardif.
5:45 of 2nd period - Stopped by Troy Grosenick with a rebound.
6:06 of 2nd period - Off-side.
6:07 of 2nd period - Matt Ellis wins face-off versus Farm Player70 in neutral zone.
7:58 of 2nd period - Snap shot by Corey Tropp.
7:58 of 2nd period - Stopped by Troy Grosenick with a rebound.
8:39 of 2nd period - Chad Ruhwedel is hit by Frazer McLaren and loses puck.
9:02 of 2nd period - Zach Hamill is hit by Krys Barch and loses puck.
9:11 of 2nd period - Snap shot by Matt Ellis.
9:11 of 2nd period - Stopped by Johan Gustafsson with a rebound.
9:27 of 2nd period - Slapshot by Radek Martinek.
9:27 of 2nd period - Shot Blocked by Alexey Marchenko.
9:37 of 2nd period - Slapshot by Marcel Noebels.
9:37 of 2nd period - Stopped by Troy Grosenick with a rebound.
10:13 of 2nd period - Slapshot by Patrick Mullen.
10:13 of 2nd period - Deflect By Mike Blunden.
10:13 of 2nd period - Shot Blocked by Brian Connelly.
10:13 of 2nd period - Puck is out of play.
10:14 of 2nd period - Jamie Tardif wins face-off versus Jeff Taffe in Falcons zone.
11:13 of 2nd period - Chad Ruhwedel is hit by Frazer McLaren and loses puck.
12:16 of 2nd period - Adam Pardy is hit by Farm Player70 and loses puck.
13:02 of 2nd period - Slapshot by Cameron Schilling.
13:02 of 2nd period - Shot Misses the Net.
13:04 of 2nd period - Snap shot by Jamie Tardif.
13:04 of 2nd period - Shot Blocked by Joonas Jarvinen.
13:45 of 2nd period - Snap shot by Matt Fraser.
13:45 of 2nd period - Shot Misses the Net.
13:47 of 2nd period - Wrist shot by Frederic St. Denis.
13:47 of 2nd period - Stopped by Troy Grosenick with a rebound.
13:49 of 2nd period - Snap shot by Matt Fraser.
13:49 of 2nd period - Stopped by Troy Grosenick with a rebound.
13:51 of 2nd period - Slapshot by Frederic St. Denis.
13:51 of 2nd period - Stopped by Troy Grosenick with a rebound.
14:03 of 2nd period - Snap shot by Lane MacDermid.
14:03 of 2nd period - Stopped by Troy Grosenick without a rebound.
14:04 of 2nd period - Farm Player70 wins face-off versus Matt Ellis in Falcons zone.
14:32 of 2nd period - Off-side.
14:33 of 2nd period - Carl Klingberg wins face-off versus Jamie Tardif in neutral zone.
15:11 of 2nd period - Adam Pardy is hit by Mike Blunden and loses puck.
15:35 of 2nd period - Snap shot by Matt Fraser.
15:35 of 2nd period - Shot Misses the Net.
15:59 of 2nd period - Alexey Marchenko is hit by Chris Thorburn and loses puck.
16:21 of 2nd period - Matt Fraser is hit by Jordan Weal and loses puck.
17:09 of 2nd period - Wrist shot by Carl Klingberg.
17:09 of 2nd period - Shot Blocked by Frederic St. Denis.
17:15 of 2nd period - Snap shot by Jeff Taffe.
17:15 of 2nd period - Shot Misses the Net.
17:17 of 2nd period - Slapshot by Brian Dumoulin.
17:17 of 2nd period - Shot Misses the Net.
17:32 of 2nd period - Off-side.
17:33 of 2nd period - Brody Sutter wins face-off versus Jeff Taffe in neutral zone.
17:42 of 2nd period - Backhand shot by Frazer McLaren.
17:42 of 2nd period - Stopped by Troy Grosenick with a rebound.
18:22 of 2nd period - Snap shot by Matt Ellis.
18:22 of 2nd period - Shot Misses the Net.
19:52 of 2nd period - Wrist shot by Jordan Weal.
19:52 of 2nd period - Deflect By Mitch Callahan.
19:52 of 2nd period - Stopped by Johan Gustafsson with a rebound.
19:54 of 2nd period - Slapshot by Chad Ruhwedel.
19:54 of 2nd period - Shot Blocked by Zach Hamill.
Goals for this period are 0 for Falcons vs 0 for Admirals NSH.
Shots for this period are 4 for Falcons vs 10 for Admirals NSH.

3rd period


0:01 of 3rd period - Mike Blunden wins face-off versus Jeff Taffe in neutral zone.
0:14 of 3rd period - Snap shot by Austin Watson.
0:14 of 3rd period - Shot Misses the Net.
0:16 of 3rd period - Slapshot by Brian Connelly.
0:16 of 3rd period - Deflect By Jeff Taffe.
0:16 of 3rd period - Shot Misses the Net.
0:16 of 3rd period - Puck is out of play.
0:17 of 3rd period - Mike Blunden wins face-off versus Jeff Taffe in Admirals NSH zone.
0:17 of 3rd period - Mike Blunden is hit by Jeff Taffe.
0:56 of 3rd period - Jeff Hoggan is hit by Corey Tropp and loses puck.
1:11 of 3rd period - Icing by Alexey Marchenko.
1:12 of 3rd period - Jordan Weal wins face-off versus Brody Sutter in Admirals NSH zone.
1:13 of 3rd period - Slapshot by Kevin Connauton.
1:13 of 3rd period - Shot Blocked by Alexey Marchenko.
1:15 of 3rd period - Snap shot by Mitch Callahan.
1:15 of 3rd period - Shot Misses the Net.
1:17 of 3rd period - Wrist shot by Jordan Weal.
1:17 of 3rd period - Shot Misses the Net.
1:19 of 3rd period - Snap shot by Kevin Connauton.
1:19 of 3rd period - Goal by Kevin Connauton - Falcons : 3 - Admirals NSH : 0.
1:20 of 3rd period - Jordan Weal wins face-off versus Brody Sutter in neutral zone.
1:29 of 3rd period - Slapshot by Matt Fraser.
1:29 of 3rd period - Shot Misses the Net.
1:45 of 3rd period - Icing by Matt Fraser.
1:46 of 3rd period - Brody Sutter wins face-off versus Jeff Taffe in Admirals NSH zone.
2:03 of 3rd period - Slapshot by Brian Dumoulin.
2:03 of 3rd period - Shot Misses the Net.
2:05 of 3rd period - Snap shot by Austin Watson.
2:05 of 3rd period - Stopped by Johan Gustafsson with a rebound.
3:08 of 3rd period - Slapshot by Adam Pardy.
3:08 of 3rd period - Stopped by Johan Gustafsson without a rebound.
3:09 of 3rd period - Jordan Weal wins face-off versus Brody Sutter in Admirals NSH zone.
3:17 of 3rd period - Minor Penalty to Frazer McLaren for Diving.
3:18 of 3rd period - Mike Blunden wins face-off versus Jeff Taffe in Admirals NSH zone.
3:28 of 3rd period - Wrist shot by Fredrik Claesson.
3:28 of 3rd period - Goal by Fredrik Claesson - Falcons : 3 - Admirals NSH : 1.
3:29 of 3rd period - Jeff Taffe wins face-off versus Mike Blunden in neutral zone.
4:16 of 3rd period - Slapshot by Kevin Connauton.
4:16 of 3rd period - Stopped by Johan Gustafsson without a rebound.
4:17 of 3rd period - Mike Blunden wins face-off versus Jordan Weal in Admirals NSH zone.
5:17 of 3rd period - Penalty to Frazer McLaren is over, Frazer McLaren is back on ice.
5:57 of 3rd period - Adam Pardy is hit by Fredrik Claesson and loses puck.
6:22 of 3rd period - Jordan Weal is hit by Jamie Tardif.
7:31 of 3rd period - Slapshot by Kevin Connauton.
7:31 of 3rd period - Shot Misses the Net.
7:33 of 3rd period - Slapshot by Matt Ellis.
7:33 of 3rd period - Deflect By Mike Blunden.
7:33 of 3rd period - Goal by Matt Ellis - Falcons : 4 - Admirals NSH : 1.
7:34 of 3rd period - Jordan Weal wins face-off versus Jamie Tardif in neutral zone.
8:11 of 3rd period - Slapshot by Frazer McLaren.
8:11 of 3rd period - Deflect By Brody Sutter.
8:11 of 3rd period - Shot Misses the Net.
8:11 of 3rd period - Puck is out of play.
8:12 of 3rd period - Brody Sutter wins face-off versus Jeff Taffe in Falcons zone.
8:13 of 3rd period - Slapshot by Frazer McLaren.
8:13 of 3rd period - Stopped by Troy Grosenick with a rebound.
8:15 of 3rd period - Slapshot by Matt Fraser.
8:15 of 3rd period - Stopped by Troy Grosenick with a rebound.
8:27 of 3rd period - Jeff Taffe is hit by Corey Tropp and loses puck.
8:40 of 3rd period - Matt Ellis is hit by Corey Tropp and loses puck.
9:35 of 3rd period - Mike Blunden is hit by Carl Klingberg and loses puck.
10:12 of 3rd period - Wrist shot by Krys Barch.
10:12 of 3rd period - Shot Misses the Net.
10:34 of 3rd period - Fredrik Claesson is hit by Carl Klingberg and loses puck.
10:49 of 3rd period - Cameron Schilling is hit by Mitch Callahan and loses puck.
10:58 of 3rd period - Matt Fraser is hit by Brian Dumoulin and loses puck.
10:59 of 3rd period - Matt Fraser from Admirals NSH is injured at 10:59 of 3rd period (Bruised Right Arm).
11:00 of 3rd period - Mike Blunden wins face-off versus Jeff Taffe in Admirals NSH zone.
11:13 of 3rd period - Fredrik Claesson is hit by Austin Watson and loses puck.
11:37 of 3rd period - Slapshot by Kevin Connauton.
11:37 of 3rd period - Stopped by Johan Gustafsson with a rebound.
11:59 of 3rd period - Jordan Weal is hit by Fredrik Claesson and loses puck.
12:12 of 3rd period - Wrist shot by Frazer McLaren.
12:12 of 3rd period - Deflect By Farm Player70.
12:12 of 3rd period - Shot Blocked by Brian Dumoulin.
12:12 of 3rd period - Puck is out of play.
12:13 of 3rd period - Brody Sutter wins face-off versus Jordan Weal in Falcons zone.
12:23 of 3rd period - Snap shot by Frazer McLaren.
12:23 of 3rd period - Stopped by Troy Grosenick with a rebound.
12:37 of 3rd period - Minor Penalty to Joonas Jarvinen for Hooking.
12:38 of 3rd period - Jeff Taffe wins face-off versus Mike Blunden in Falcons zone.
13:20 of 3rd period - Jamie Tardif is hit by Jeff Taffe and loses puck.
14:35 of 3rd period - Slapshot by Patrick Mullen.
14:35 of 3rd period - Deflect By Jeff Taffe.
14:35 of 3rd period - Stopped by Troy Grosenick without a rebound.
14:35 of 3rd period - Minor Penalty to Troy Grosenick for Slashing.
14:36 of 3rd period - Jeff Taffe wins face-off versus Mike Blunden in Falcons zone.
14:37 of 3rd period - Penalty to Joonas Jarvinen is over, Joonas Jarvinen is back on ice.
15:09 of 3rd period - Slapshot by Patrick Mullen.
15:09 of 3rd period - Stopped by Troy Grosenick with a rebound.
16:34 of 3rd period - Snap shot by Frazer McLaren.
16:34 of 3rd period - Goal by Frazer McLaren - Falcons : 4 - Admirals NSH : 2.
16:35 of 3rd period - Jordan Weal wins face-off versus Mike Blunden in neutral zone.
17:26 of 3rd period - Patrick Mullen is hit by Matt Ellis and loses puck.
19:20 of 3rd period - Slapshot by Patrick Mullen.
19:20 of 3rd period - Stopped by Troy Grosenick without a rebound.
19:21 of 3rd period - Carl Klingberg wins face-off versus Zach Hamill in Falcons zone.
19:21 of 3rd period - Carl Klingberg is hit by Patrick Mullen.
Goals for this period are 2 for Falcons vs 2 for Admirals NSH.
Shots for this period are 6 for Falcons vs 8 for Admirals NSH.


Output by the SimonT Hockey Simulator (STHS) for Eric Dolegowski -- Original Page W3C XHTML 1.0 Valid
Hockey Simulator - Hockey Simulation - Hockey Manager